 Dungeon Crawl Stone Soup version 0.32-a0-560-g4c7f4391e0 (webtiles) character file.

Game seed: 13816580741974715893

125710 Sobieck the Metallomancer (level 16, -3/121 (128) HPs)
             Began as a Mountain Dwarf Earth Elementalist on Feb 29, 2024.
             Was the Champion of Vehumet.
             Slain by a wolf spider (12 damage)
             ... on level 1 of the Spider Nest.
             The game lasted 01:19:50 (33359 turns).

Sobieck the Metallomancer (MDEE)                   Turns: 33359, Time: 01:19:50

HP:   -3/121 (128)  AC: 28    Str: 16    XL:     16   Next: 42%
MP:   51/51         EV: 10    Int: 29    God:    Vehumet [******]
Gold: 1259          SH:  0    Dex:  5    Spells: 19/41 levels left

rFire   + . .        B - staff of fire
rCold   + . .        (no shield)
rNeg    . . .        O - +4 scale mail of Disaster {MP+9}
rPois   .            m - +2 helmet
rElec   +            J - +2 cloak
rCorr   .            z - +2 pair of gloves
SInv    .            k - +2 pair of boots
Will    +....        L - amulet of Vitality {Regen++ RegenMP++} Stlth
                     o - +6 ring of intelligence
HPRegen 2.00/turn    M - ring "Buebeuce" {rElec rC+ MP+9 Str+4 Dex-5}
MPRegen 1.12/turn

%: no passive effects
@: on berserk cooldown, studying Armour, drained
A: runic magic, artefact enchanting
a: Renounce Religion


You were on level 1 of the Spider Nest.
You worshipped Vehumet.
Vehumet was exalted by your worship.
You visited 5 branches of the dungeon, and saw 25 of its levels.
You also visited: Ossuary and Bailey.

You collected 3089 gold pieces.
You spent 1830 gold pieces at shops.

Inventory:

Hand Weapons
 G - a +0 demon trident of electrocution
Missiles
 v - 26 javelins
Armour
 k - a +2 pair of boots (worn)
 m - a +2 helmet (worn)
 y - a +0 buckler
 z - a +2 pair of gloves (worn)
 J - a +2 cloak (worn)
 O - the +4 scale mail of Disaster (worn) {MP+9}
   (You bought it in a shop on level 10 of the Dungeon)

   MP+9:      It affects your magic capacity (+9).
 S - a +0 kite shield
Magical Staves
 A - a staff of earth
 B - a staff of fire (weapon)
 D - a staff of conjuration
Jewellery
 c - a ring of ice
 f - a ring of protection from fire
 g - a ring of resist corrosion
 o - a +6 ring of intelligence (left hand)
 s - a ring of see invisible
 L - the amulet of Vitality (around neck) {Regen++ RegenMP++}
   (You bought it in a shop on level 2 of the Orcish Mines)

   [amulet of nothing]

   Regen++:   It increases your rate of health regeneration.
   RegenMP++: It increases your rate of magic regeneration.
 M - the ring "Buebeuce" (right hand) {rElec rC+ MP+9 Str+4 Dex-5}
   (You found it on level 10 of the Dungeon)

   [ring of protection from cold]

   Str+4:     It affects your strength (+4).
   Dex-5:     It affects your dexterity (-5).
   rC+:       It protects you from cold.
   rElec:     It insulates you from electricity.
   MP+9:      It affects your magic capacity (+9).
 N - a +4 ring of protection
Wands
 p - a wand of warping (7)
 C - a wand of quicksilver (20)
 E - a wand of charming (26)
 K - a wand of mindburst (10)
 V - a wand of flame (50)
Scrolls
 d - 3 scrolls of enchant weapon
 i - 4 scrolls of revelation
 l - 6 scrolls of poison
 q - 6 scrolls of immolation
 t - 3 scrolls of fog
 u - 3 scrolls of blinking
 w - a scroll of vulnerability
 x - 4 scrolls of noise
 R - 3 scrolls of identify
 T - 8 scrolls of teleportation
 U - a scroll of summoning
 W - 2 scrolls of amnesia
 Y - a scroll of torment
Potions
 a - 10 potions of ambrosia
 b - 4 potions of magic
 e - 2 potions of cancellation
 h - 4 potions of brilliance
 j - 5 potions of attraction
 n - 4 potions of lignification
 r - 3 potions of enlightenment
 F - 4 potions of mutation
 H - 2 potions of haste
 I - 2 potions of resistance
 P - a potion of might
 Q - 8 potions of curing
 Z - a potion of berserk rage
Miscellaneous
 X - a box of beasts


   Skills:
 - Level 8.0 Fighting
 - Level 15.0 Armour
 - Level 1.3 Dodging
 - Level 1.4 Stealth
 + Level 13.0 Spellcasting
 - Level 5.0 Conjurations
 - Level 5.0 Necromancy
 - Level 10.0 Fire Magic
 * Level 21.0 Earth Magic


You had 19 spell levels left.
You knew the following spells:

 Your Spells              Type           Power      Damage    Failure   Level
A - Sandblast             Erth           100%       2d20      0%          1
B - Stone Arrow           Conj/Erth      100%       3d13      1%          3
C - Borgnjor's Vile Clut  Necr/Erth      38%        N/A       1%          5
E - Fireball              Conj/Fire      38%        3d16      1%          5
F - Flame Wave            Conj/Fire      76%        2d17      1%          4
G - Sticky Flame          Fire/Alch      64%        2d11      1%          4

Your spell library contained the following spells:

 Spells                   Type           Power      Damage    Failure   Level
 Spellforged Servitor     Conj/Summ      16%        N/A       91%         7
 Passwall                 Erth           96%        N/A       0%          3
 Momentum Strike          Conj/Tloc      66%        3d9       1%          2
 Inner Flame              Hex/Fire       64%        N/A       1%          3
 Volatile Blastmotes      Fire/Tloc      100%       2d18      1%          3
 Animate Armour           Summ/Erth      100%       N/A       1%          4
 Brom's Barrelling Bould  Conj/Erth      76%        2d9       1%          4
 Leda's Liquefaction      Alch/Erth      34%        N/A       1%          4
 Petrify                  Alch/Erth      68%        N/A       1%          4
 Frozen Ramparts          Ice            36%        1d6       2%          3
 Apportation              Tloc           36%        N/A       3%          1
 Fulminant Prism          Conj/Alch      16%        3d10      3%          4
 Iskenderun's Mystic Bla  Conj/Tloc      33%        2d8       3%          4
 Blink                    Tloc           36%        N/A       4%          2
 Jinxbite                 Hex            36%        N/A       4%          2
 Lesser Beckoning         Tloc           36%        N/A       4%          2
 Gell's Gravitas          Tloc           18%        N/A       10%         3
 Teleport Other           Tloc           18%        N/A       10%         3
 Lehudib's Crystal Spear  Conj/Erth      38%        10d9      26%         8
 Alistair's Intoxication  Alch           12%        N/A       67%         5
 Metabolic Englaciation   Hex/Ice        9%         N/A       67%         5
 Summon Forest            Summ/Tloc      9%         N/A       67%         5
 Summon Mana Viper        Hex/Summ       18%        N/A       67%         5
 Eringya's Noxious Bog    Alch           9%         4d6       75%         6
 Dispersal                Tloc           9%         N/A       99%         6
 Summon Cactus Giant      Summ           9%         N/A       99%         6
 Malign Gateway           Summ/Tloc      9%         N/A       100%        7
 Summon Horrible Things   Summ           9%         N/A       100%        8


Dungeon Overview and Level Annotations

Branches:
Dungeon (15/15)            Temple (1/1) D:4            Lair (5/5) D:10
  Swamp (0/4) Lair:2       Spider (2/4) Lair:3        Slime (0/5) Lair:4
    Orc (2/2) D:12            Elf (0/3) Orc:2        Vaults (0/5) D:14
 Depths (0/4) D:15        Ossuary (visited)          Bailey (visited)

Altars:
Ashenzari
Cheibriados
Dithmenos
Elyvilon
Fedhas
Gozag
Hepliaklqana
Kikubaaqudgha
Makhleb
Nemelex Xobeh
Okawaru
Qazlal
Ru
Sif Muna
Trog
Uskayaw
Vehumet
Wu Jian
Xom
Yredelemnul
Zin
The Shining One
Beogh
Jiyva

Shops:
D:5 [   D:10 *   Orc:1 *   Orc:2 (*=*?

Annotations:
D:11 Gastronok
D:14 exclusion: obsidian statue, Roxanne
Temple 2 transporters
Lair:4 2 transporters, Implojin's ghost, journeyman CoBr


Innate Abilities, Weirdness & Mutations

Your spellcasting is much less encumbered by armour.
You can use scrolls of enchantment on lesser artefacts.


Message History

The wolf spider barely misses you. x2
The moth of wrath bites you but does no damage.
The wolf spider hits you!
The wolf spider bites you but does no damage.
A wave of flame ripples out!
The flame wave engulfs the wolf spider!
The wolf spider is severely wounded.
The flame wave engulfs the moth of wrath!!
The moth of wrath is almost dead.
You feel extremely sick. The wolf spider hits you!
* * * LOW HITPOINT WARNING * * *
The wolf spider bites you!
* * * LOW HITPOINT WARNING * * *
You are more poisoned.
The wolf spider poisons you! The wolf spider hits you!
* * * LOW HITPOINT WARNING * * *
The wolf spider closely misses you.
The moth of wrath bites you but does no damage.
A wave of flame ripples out!
The flame wave engulfs the wolf spider!
The wolf spider is severely wounded.
The flame wave engulfs the moth of wrath!!
You kill the moth of wrath!
Vehumet accepts your kill.
You feel your power returning.
You finish channelling waves of flame.
You feel extremely sick. The wolf spider hits you!
* * * LOW HITPOINT WARNING * * *
The wolf spider bites you but does no damage.
The wolf spider hits you.
* * * LOW HITPOINT WARNING * * *
The wolf spider barely misses you. The wolf spider hits you.
* * * LOW HITPOINT WARNING * * *
The wolf spider bites you!
* * * LOW HITPOINT WARNING * * *
You feel better.
The wolf spider hits you but does no damage.
The wolf spider bites you.
* * * LOW HITPOINT WARNING * * *
You are lethally poisoned!
The wolf spider poisons you!
The wolf spider hits you but does no damage.
The wolf spider bites you!
* * * LOW HITPOINT WARNING * * *
You are more poisoned.
The wolf spider poisons you!
Okay, then.
You feel better.
The wolf spider hits you but does no damage.
The wolf spider bites you!
You die...

##################
#^...^...........###
#.s...#.....#.......
#..@...............#
#.......#........#.#
#........#..........
##.^................
#...#..#......#.....
#.#.#........#..#.#.
#.....##........†..>
#...................
#..#..#.....#...#...


You could see a wolf spider (berserk).

Vanquished Creatures
  Jorgrun (Spider:1)
  3 emperor scorpions
  2 broodmothers
  2 dire elephants
  4 spark wasps
  Snorg (D:14)
  A great orb of eyes (D:15)
  A fire dragon (D:14)
  3 hydras
  Erolcha (D:9)
  2 centaur warriors (D:15)
  A ghost crab (Lair:2)
  A catoblepas (Lair:5)
  An ogre mage (Orc:1)
  A radroach (Spider:1)
  2 jorogumos (Spider:1)
  5 two-headed ogres
  5 tengu warriors
  2 boulder beetles
  6 death yaks
  A deep troll shaman (Lair:5)
  4 demonic crawlers (Spider:1)
  4 orc high priests (Orc:2)
  Urug (D:13)
  A skyshark (Lair:5)
  Amaemon (D:7)
  5 pharaoh ants
  4 skeletal warriors (D:15)
  2 arcanists (D:14)
  An orb spider (Spider:1)
  5 orc knights
  11 wolf spiders
  5 orc sorcerers
  2 manticores
  A moth of wrath (Spider:1)
  17 ugly things
  An elephant (shapeshifter) (D:15)
  Maurice (D:7)
  4 cyclopes
  4 kobold blastminers
  7 black mambas
  19 elephants
  6 mutant beasts
  Joseph (D:7)
  3 meliai (D:13)
  An orange demon (D:8)
  8 cane toads
  5 komodo dragons
  An unseen horror (D:10)
  4 rime drakes
  3 kobold demonologists
  An efreet (D:13)
  2 tengu conjurers
  5 polar bears
  6 trolls
  A queen bee (D:13)
  12 tarantellas
  Prince Ribbit (D:7)
  12 blink frogs
  9 dream sheep
  13 slime creatures
  15 jumping spiders
  12 culicivoras
  4 wraiths
  3 shadows
  71 yaks
  A vampire (D:13)
  4 steam dragons
  4 basilisks
  9 wargs
  9 vampire mosquitoes
  23 redbacks
  Menkaure (D:5)
  3 acid dragons
  11 water moccasins
  7 ice beasts
  A spectral torpor snail (Lair:2)
  23 orc warriors
  A sky beast (D:6)
  4 black bears
  A centaur (shapeshifter) (D:14)
  2 laughing skulls (D:13)
  A spectral rime drake (Lair:2)
  4 boggarts (D:14)
  8 ogres
  22 wolves
  14 centaurs
  A spectral wyvern (Lair:2)
  A kobold brigand (D:9)
  A gnoll sergeant (D:7)
  13 bullfrogs
  3 scorpions (D:5)
  13 wights
  A burial acolyte (Ossuary)
  24 killer bees
  9 howler monkeys
  2 electric eels
  2 bombardier beetles
  A crimson imp (D:2)
  3 hounds
  A sleepcap (D:4)
  11 orc priests
  4 iguanas
  Terence (D:2)
  25 orc wizards
  7 hell rats (Lair:3)
  A mummy (Ossuary)
  Robin (D:2)
  11 gnolls
  8 adders
  2 shadow imps
  4 ufetubi
  2 dart slugs (D:2)
  A ribbon worm (D:3)
  78 orcs
  5 bats
  10 endoplasms
  A giant cockroach (D:3)
  20 goblins
  14 hobgoblins
  2 jackals (D:2)
  14 kobolds
  6 ball pythons
  5 frilled lizards
  7 gnoll skeletons (Ossuary)
  2 goblin skeletons (D:3)
  3 goblin zombies (D:3)
  8 kobold skeletons
  7 orc skeletons (Ossuary)
  An orc zombie (D:3)
  7 rats
841 creatures vanquished.

Vanquished Creatures (others)
  An orc (Bailey)
1 creature vanquished.

Grand Total: 842 creatures vanquished

Notes
Turn   | Place    | Note
-------+----------+-------------------------------------------
     0 | D:1      | Sobieck the Mountain Dwarf Earth Elementalist began the
                  | quest for the Orb.
     0 | D:1      | Reached XP level 1. HP: 14/14 MP: 3/3
   145 | D:1      | Reached XP level 2. HP: 20/20 MP: 0/4
   363 | D:1      | Reached skill level 1 in Armour
   363 | D:1      | Reached skill level 4 in Earth Magic
   446 | D:1      | Reached XP level 3. HP: 26/26 MP: 3/6
   686 | D:1      | Found a faded altar of an unknown god.
  1250 | D:2      | Noticed Robin
  1340 | D:2      | Killed Robin
  1341 | D:2      | Reached XP level 4. HP: 33/33 MP: 1/7
  1635 | D:2      | Noticed Terence
  1807 | D:2      | Learned a level 3 spell: Stone Arrow
  2428 | D:3      | Found a glowing golden altar of the Shining One.
  2503 | D:2      | Reached skill level 5 in Earth Magic
  2503 | D:2      | Reached XP level 5. HP: 38/38 MP: 3/9
  3603 | D:4      | Noticed a black bear
  3616 | D:3      | Killed a black bear
  3617 | D:3      | Reached skill level 3 in Armour
  3617 | D:3      | Reached skill level 3 in Spellcasting
  3617 | D:3      | Reached XP level 6. HP: 25/45 MP: 3/10
  3786 | D:4      | Found a sand-covered staircase.
  3797 | Ossuary  | Entered an ossuary
  3916 | Ossuary  | Reached skill level 6 in Earth Magic
  4381 | D:4      | Found a staircase to the Ecumenical Temple.
  4390 | D:4      | Reached XP level 7. HP: 50/50 MP: 7/12
  4412 | Temple   | Found a transporter.
  4412 | Temple   | Found a transporter.
  4412 | Temple   | Found a transporter.
  4412 | Temple   | Found a transporter.
  4412 | Temple   | Entered the Ecumenical Temple
  4427 | Temple   | Became a worshipper of Vehumet
  4782 | D:4      | Reached skill level 7 in Earth Magic
  5048 | D:5      | Entered Level 5 of the Dungeon
  5153 | D:5      | Found a sparkling altar of Nemelex Xobeh.
  5153 | D:5      | Found a snail-covered altar of Cheibriados.
  5165 | D:5      | Noticed Menkaure
  5176 | D:5      | Killed Menkaure
  5305 | D:2      | Killed Terence
  6028 | D:5      | Found Gaisel's Armour Shoppe.
  6035 | D:5      | Bought a +0 pair of gloves for 63 gold pieces
  6059 | D:5      | Reached skill level 8 in Earth Magic
  6059 | D:5      | Reached XP level 8. HP: 39/57 MP: 6/14
  6285 | D:5      | Reached * piety under Vehumet
  6285 | D:5      | Offered knowledge of Shock by Vehumet.
  6994 | D:6      | Reached skill level 9 in Earth Magic
  7302 | D:7      | Noticed Joseph
  7317 | D:6      | Reached skill level 6 in Armour
  7454 | D:7      | Killed Joseph
  7455 | D:7      | Reached XP level 9. HP: 29/62 MP: 1/16
  7569 | D:7      | Reached skill level 10 in Earth Magic
  7679 | D:7      | Noticed Prince Ribbit
  7685 | D:7      | Killed Prince Ribbit
  7899 | D:7      | Noticed a juvenile weirdfire beast
  7942 | D:6      | HP: 2/62 [constriction (7)]
  7943 | D:6      | Killed a juvenile weirdfire beast
  7944 | D:6      | Reached skill level 11 in Earth Magic
  8145 | D:7      | Offered knowledge of Sting by Vehumet.
  8191 | D:7      | Reached ** piety under Vehumet
  8261 | D:7      | Reached skill level 6 in Spellcasting
  8359 | D:7      | Noticed Maurice
  8377 | D:7      | Killed Maurice
  8399 | D:7      | Reached XP level 10. HP: 69/69 MP: 5/19
  9247 | D:8      | Noticed Amaemon
  9247 | D:8      | Noticed an orange demon
  9260 | D:8      | HP: 3/69 [poisoned by Amaemon]
  9451 | D:7      | Killed Amaemon
  9452 | D:7      | Reached skill level 12 in Earth Magic
  9656 | D:8      | Killed an orange demon
 10011 | D:8      | Noticed a manticore
 10016 | D:8      | Killed a manticore
 10068 | D:8      | Identified the +0 robe of Barnacled Beauty {Int+4 Dex+3}
 10453 | D:9      | Offered knowledge of Mephitic Cloud by Vehumet.
 10603 | D:9      | Noticed Erolcha
 10607 | D:9      | Killed Erolcha
 10608 | D:9      | Reached skill level 1 in Fire Magic
 10820 | D:9      | Reached skill level 13 in Earth Magic
 10823 | D:9      | Reached skill level 9 in Armour
 10973 | D:9      | Reached *** piety under Vehumet
 11052 | D:9      | Reached skill level 3 in Fire Magic
 11514 | D:10     | Entered Level 10 of the Dungeon
 11622 | D:10     | Reached XP level 11. HP: 61/74 MP: 19/22
 11964 | D:10     | Offered knowledge of Volatile Blastmotes by Vehumet.
 12011 | D:10     | Found a staircase to the Lair.
 12047 | D:10     | Found Orghimn's Assorted Antiques.
 12111 | D:10     | Found a flagged portal.
 12145 | Bailey   | Entered a bailey
 12237 | Bailey   | Reached **** piety under Vehumet
 12636 | Bailey   | Offered knowledge of Hailstorm by Vehumet.
 12948 | Bailey   | Learned a level 4 spell: Flame Wave
 12953 | Bailey   | Learned a level 4 spell: Sticky Flame
 12972 | Bailey   | Reached skill level 6 in Fire Magic
 13788 | Bailey   | Acquired 768 gold pieces
 14069 | D:10     | Identified the ring "Buebeuce" {rElec rC+ MP+9 Str+4 Dex-5}
 14408 | D:10     | Bought a potion of curing for 93 gold pieces
 14408 | D:10     | Bought a translucent scale mail for 279 gold pieces
 14408 | D:10     | Identified the +0 scale mail of Disaster {MP+9} (You bought
                  | it in a shop on level 10 of the Dungeon)
 14408 | D:10     | Bought a scroll of identify for 62 gold pieces
 14980 | D:11     | Acquired a staff of earth
 15046 | D:11     | Noticed Gastronok
 15066 | Lair:1   | Entered Level 1 of the Lair of Beasts
 15178 | Lair:1   | Reached XP level 12. HP: 58/81 MP: 24/24
 15477 | Lair:1   | Reached skill level 1 in Necromancy
 15483 | Lair:1   | Learned a level 5 spell: Borgnjor's Vile Clutch
 15513 | Lair:1   | Reached skill level 9 in Spellcasting
 15519 | Lair:1   | Reached skill level 12 in Armour
 16094 | Lair:1   | Reached skill level 3 in Necromancy
 16782 | Lair:2   | Reached skill level 14 in Earth Magic
 16799 | Lair:2   | Reached ***** piety under Vehumet
 16841 | Lair:2   | Offered knowledge of Fireball by Vehumet.
 16855 | Lair:2   | Reached skill level 9 in Fire Magic
 17067 | Lair:1   | Learned a level 5 spell: Fireball
 17111 | Lair:2   | Reached skill level 1 in Conjurations
 17334 | Lair:2   | Reached XP level 13. HP: 86/86 MP: 26/26
 17474 | Lair:2   | Found a staircase to the Swamp.
 18419 | Lair:3   | Found a hole to the Spider Nest.
 18597 | Lair:3   | Identified the +6 leather armour of Clean Happiness {Harm
                  | rPois Int+6}
 19312 | Lair:4   | Reached skill level 15 in Earth Magic
 19580 | Lair:4   | Found a staircase to the Slime Pits.
 19580 | Lair:4   | Found a viscous altar of Jiyva.
 19590 | Lair:4   | Identified the +0 ring mail of the Sun {rPois Int+5 Stlth+}
 19942 | Lair:4   | You fall into a shaft and drop 1 floor!
 19942 | Lair:5   | Entered Level 5 of the Lair of Beasts
 19963 | Lair:5   | Offered knowledge of Yara's Violent Unravelling by Vehumet.
 19968 | Lair:5   | Reached skill level 3 in Conjurations
 20735 | Lair:4   | Found a bloodstained altar of Trog.
 20762 | Lair:4   | Reached skill level 16 in Earth Magic
 20958 | Lair:4   | Found a transporter.
 20961 | Lair:4   | Found a transporter.
 21065 | Lair:4   | Noticed Implojin's ghost (journeyman CoBr)
 21618 | Lair:5   | Reached XP level 14. HP: 76/93 MP: 23/28
 21876 | Lair:5   | Identified the +8 hand axe "Safith" {speed, Str+2 Int+2}
 23506 | D:12     | Reached skill level 17 in Earth Magic
 23531 | D:12     | Found a staircase to the Orcish Mines.
 23793 | D:12     | Got the Book of the Tektite and Allies
 24056 | D:12     | Reached skill level 1 in Fighting
 24523 | D:13     | Offered knowledge of Arcjolt by Vehumet.
 24594 | D:13     | Noticed Urug
 24604 | D:13     | Killed Urug
 24957 | D:13     | Reached skill level 3 in Fighting
 25597 | D:14     | Noticed Snorg
 25602 | D:14     | Killed Snorg
 25703 | D:14     | Noticed Roxanne
 25753 | D:14     | Found a gate to the Vaults.
 25849 | D:14     | Identified the +2 falchion of Kismet {antimagic, Dex+2}
 26313 | D:14     | Reached skill level 18 in Earth Magic
 26915 | D:14     | Found an opulent altar of Gozag.
 27208 | D:15     | Entered Level 15 of the Dungeon
 27835 | D:15     | Reached XP level 15. HP: 38/113 MP: 6/30
 28271 | D:15     | Found a staircase to the Depths.
 28666 | D:15     | Offered knowledge of Iskenderun's Battlesphere by Vehumet.
 28689 | D:15     | Reached skill level 6 in Fighting
 28956 | Orc:1    | Entered Level 1 of the Orcish Mines
 29228 | Orc:1    | Reached skill level 19 in Earth Magic
 29262 | Orc:1    | Found a roughly hewn altar of Beogh.
 29299 | Orc:1    | Reached skill level 12 in Spellcasting
 29419 | Orc:1    | Found Liulian's Assorted Antiques.
 29428 | Orc:1    | Bought a scroll labelled HIATWO LIHO for 33 gold pieces
 29879 | Orc:2    | Entered Level 2 of the Orcish Mines
 29885 | Orc:2    | Found Ista's Weapon Shoppe.
 29984 | Orc:2    | Found a staircase to the Elven Halls.
 30105 | Orc:2    | Offered knowledge of Orb of Destruction by Vehumet.
 30949 | Orc:2    | Found Imolod's Magic Scroll Emporium.
 30949 | Orc:2    | Found Mull's Assorted Antiques.
 30950 | Orc:2    | Found Woipset's Jewellery Shop.
 30950 | Orc:2    | Found Veojuc's General Store.
 31121 | Orc:2    | Bought the amulet of Vitality {Regen++ RegenMP++} for 1300
                  | gold pieces
 31121 | Orc:2    | Found the amulet of Vitality {Regen++ RegenMP++}
 31340 | Spider:1 | Entered Level 1 of the Spider Nest
 31559 | Spider:1 | Noticed an emperor scorpion
 31568 | Spider:1 | Killed an emperor scorpion
 31604 | Spider:1 | Noticed an emperor scorpion
 31688 | Lair:3   | Killed an emperor scorpion
 31838 | Spider:1 | Noticed Jorgrun
 31852 | Spider:1 | Killed Jorgrun
 31853 | Spider:1 | Reached skill level 20 in Earth Magic
 32028 | Spider:1 | Reached XP level 16. HP: 128/128 MP: 32/32
 32166 | Spider:1 | Paralysed by a jorogumo for 2 turns
 32179 | Spider:1 | Reached skill level 15 in Armour
 32388 | Spider:1 | Offered knowledge of Spellforged Servitor by Vehumet.
 33033 | Spider:2 | Reached ****** piety under Vehumet
 33298 | Spider:2 | Reached skill level 21 in Earth Magic
 33358 | Spider:1 | HP: 1/121 [wolf spider (14)]
 33359 | Spider:1 | Slain by a wolf spider

Illustrated notes

Levels and vault maps discovered:
D:1:      scummos_arrival_simple_fountains, layout_loops_ring,
          shapermc_ecumenical_altar_notcrosses
D:2:      layout_basic, uniq_crazy_yiuf_cottage, uniq_terence, uniq_robin
D:3:      layout_basic, nicolae_tso_besieged_by_evil, grunt_ministairs_9
D:4:      layout_loops_cross, minmay_temple_entry_stoned_glass, enter_ossuary_3,
          chequers_serial_rivers_small_a
D:5:      nicolae_cairo_tiling_very_big, layout_loops_corners,
          gammafunk_temple_overflow_elements, serial_shops,
          nicolae_shop_tiny_statue_garden, kennysheep_generic_room_14,
          uniq_menkaure
D:6:      layout_loops_ring
D:7:      layout_cave_pools, nicolae_beast_mode, uniq_prince_ribbit1,
          uniq_joseph, uniq_maurice
D:8:      cheibrodos_quashed, layout_basic, uniq_amaemon
D:9:      layout_roguey, serial_corexii_hall, chequers_hall_statues_y,
          corexii_hall_statues_u, corexii_hall_statues_i,
          corexii_hall_statues_u, uniq_erolcha
D:10:     layout_roguey, hellmonk_lair_entry_icy, serial_shops, shop,
          enter_bailey_5, wad_floor_pattern_untrapped
D:11:     layout_gridville, feat_on_display, uniq_gastronok
D:12:     layout_cave_pods, minmay_orc_entry_guard_dogs
D:13:     layout_loops_ring, special_room [special_room_bee], uniq_urug
D:14:     layout_loops_ring, hellmonk_vaults_attempted_burglary,
          grunt_gozag_breadcrumbs, palyth_stone_intersect, minmay_statue_bubble,
          uniq_snorg, uniq_roxanne
D:15:     hangedman_depths_entry_try_elsewhere_first, layout_basic,
          hangedman_decor_peaks_small, minmay_misc_feat_rugged
Temple:   hellmonk_temple_divided_pantheon
Lair:1:   layout_cave_pods, nicolae_lair_grazing_beasts
          [nicolae_sub_lair_graze_edge, nicolae_sub_lair_graze_edge,
          nicolae_sub_lair_graze_edge, nicolae_sub_lair_graze_edge],
          lemuel_fruit_fields, grunt_megastairs_4
Lair:2:   layout_gridlike, nicolae_swamp_entry_spooky
Lair:3:   layout_roguey, spider_nest_entry_a, grunt_megastairs_5
Lair:4:   layout_regular_city, slime_entry_1, gammafunk_ghost_wrathful_warriors,
          nicolae_quartered_pool_medium, infiniplex_staircase_pool
Lair:5:   grunt_lair_end_beastmaster, layout_regular_city,
          chequers_serial_rivers_micro_b, pdpol_lair_neglected_garden,
          lemuel_fruit_tree, serial_bayou_shore_a, grunt_megastairs_1
Spider:1: nicolae_spider_hilbert_zone_2 [nicolae_spider_hilbert_4_sides_1_open,
          nicolae_spider_hilbert_4_sides_1_open,
          nicolae_spider_hilbert_4_sides_1_open,
          nicolae_spider_hilbert_4_sides_1_open,
          nicolae_spider_hilbert_6_sides_1_open,
          nicolae_spider_hilbert_6_sides_1_open,
          nicolae_spider_hilbert_3_sides_1_open,
          nicolae_spider_hilbert_3_sides_1_open,
          nicolae_spider_hilbert_3_sides_1_open,
          nicolae_spider_hilbert_3_sides_1_open,
          nicolae_spider_hilbert_6_sides_1_open,
          nicolae_spider_hilbert_6_sides_1_open,
          nicolae_spider_hilbert_6_sides_1_open,
          nicolae_spider_hilbert_6_sides_1_open], uniq_jorgrun
Spider:2: layout_spider_delve, nicolae_spider_not_touching_you
Orc:1:    cheibrodos_orc_guarddog, layout_caves, serial_shops, shop,
          nicolae_orc_sculptors_studio, mines2_david
Orc:2:    st_orc_elflike, layout_diamond_mine, serial_shops,
          nicolae_shop_competitors_out_of_business, nicolae_orc_rockfall

Skill      XL: |  1  2  3  4  5  6  7  8  9 10 11 12 13 14 15 16 |
---------------+-------------------------------------------------+-----
Spellcasting   | 2 3 4 5 6 7 8 9 10 11 12 13 | 13.0
Armour         | 1 2 3 4 6 7 9 11 13 14 15 | 15.0
Earth Magic    | 4 5 6 8 9 11 13 14 16 18 20 21 | 21.0
Fire Magic     | 3 7 9 10 | 10.0
Necromancy     | 4 5 |  5.0
Conjurations   | 1 4 5 |  5.0
Fighting       | 5 8 |  8.0
Dodging        | |  1.3
Stealth        | |  1.4

Action                     |  1- 3 |  4- 6 |  7- 9 | 10-12 | 13-15 | 16-18 || total
---------------------------+-------+-------+-------+-------+-------+-------++-------
  Melee: Staff             |    13 |     1 |     1 |     1 |     7 |       ||    23
         Demon whip        |       |       |       |    32 |       |       ||    32
   Cast: Sandblast         |    59 |   117 |   174 |   349 |   436 |    19 ||  1154
         Stone Arrow       |       |       |    15 |    73 |   264 |     8 ||   360
         Flame Wave        |       |       |       |    14 |    23 |    11 ||    48
         Sticky Flame      |       |       |       |     2 |     1 |     3 ||     6
         Borgnjor's Vile C |       |       |       |    14 |   138 |     5 ||   157
         Fireball          |       |       |       |       |    60 |    76 ||   136
  Evoke: Wand              |       |       |       |       |     3 |       ||     3
    Use: Scroll            |       |    14 |     7 |     8 |    13 |       ||    42
         Potion            |       |       |     3 |     3 |     2 |     2 ||    10
 Armour: Robe              |    21 |    46 |    23 |       |       |       ||    90
         Scale mail        |       |       |   131 |   383 |   647 |   138 ||  1299
  Dodge: Dodged            |    14 |    53 |    80 |   196 |   401 |    49 ||   793

Table legend: (Time is in decaauts)
 A = Elapsed time spent in this place.
 B = Non-inter-level travel time spent in this place.
 C = Inter-level travel time spent in this place.
 D = Time resting spent in this place.
 E = Time spent auto-exploring this place.
 F = Levels seen in this place.
 G = Mean time per level.
                   A        B        C        D        E       F      G
               +--------+--------+--------+--------+--------+-----+--------+
         Total |  33991 |  32519 |   1472 |   6416 |  19597 |  27 | 1258.9 |
       Dungeon |  19331 |  18441 |    890 |   2784 |  12717 |  15 | 1288.7 |
        Temple |     30 |     22 |      8 |      0 |      0 |   1 |   30.0 |
          Lair |   8411 |   8054 |    357 |   1962 |   4663 |   5 | 1682.2 |
   Spider Nest |   1737 |   1682 |     55 |    345 |    622 |   2 |  868.5 |
  Orcish Mines |   2089 |   1928 |    161 |    372 |   1024 |   2 | 1044.5 |
       Ossuary |    536 |    536 |      0 |    209 |      0 |   1 |  536.0 |
        Bailey |   1854 |   1854 |      0 |    743 |    570 |   1 | 1854.0 |
               +--------+--------+--------+--------+--------+-----+--------+

Top non-repeatable levels by time:
  Lair:5: 2352 daAuts
  Lair:1: 1935 daAuts
  Bailey: 1854 daAuts
    D:14: 1763 daAuts
     D:2: 1706 daAuts
    D:15: 1610 daAuts
  Lair:3: 1608 daAuts
    D:10: 1556 daAuts
     D:7: 1434 daAuts
    D:13: 1384 daAuts
Spider:1: 1353 daAuts
  Lair:4: 1288 daAuts
     D:6: 1284 daAuts
     D:3: 1276 daAuts
     D:8: 1249 daAuts
